 Dungeon Crawl Stone Soup version 0.20.1-1-g8b1a95d (webtiles) character file.

60 Irenicus the Charmwright (level 3, -2/29 HPs)
             Began as a Demigod Skald on Oct 6, 2017.
             Slain by bmj180's ghost (14 damage)
             ... on level 3 of the Dungeon.
             The game lasted 00:04:08 (1771 turns).

Irenicus the Charmwright (Demigod Skald)            Turns: 1771, Time: 00:04:10

Health: -2/29      AC:  4    Str: 14    XL:     3   Next: 55%
Magic:  3/8        EV: 12    Int: 17    God:
Gold:   115        SH:  0    Dex: 17    Spells: 3/6 levels left

rFire    . . .     SeeInvis .   a - +0 falchion
rCold    . . .     Gourm    .   (no shield)
rNeg     . . .     Faith    .   b - +0 leather armour
rPois    .         Spirit   .   (no helmet)
rElec    .         Reflect  .   (no cloak)
rCorr    .         Harm     .   (no gloves)
MR       .....                  g - +0 pair of boots
Stlth    +.........             (no amulet)
Regen    0.1/turn               (no ring)
MPRegen  0.2/turn               (no ring)

@: infused (expiring)
A: high mp 1
a: no special abilities


You were on level 3 of the Dungeon.
You were not hungry.

You visited 1 branch of the dungeon, and saw 3 of its levels.

You collected 115 gold pieces.

Inventory:

Hand Weapons
 a - a +0 falchion (weapon)
Armour
 b - a +0 leather armour (worn)
 g - a +0 pair of boots (worn)
Scrolls
 f - 2 scrolls of remove curse {unknown}
 i - a scroll of enchant armour {unknown}
 k - 4 scrolls of identify {unknown}
 m - a scroll of recharging {unknown}
Potions
 e - a potion of heal wounds {unknown}
 h - a potion of haste {unknown}
 j - 2 potions of degeneration {unknown}
 l - a potion of might {unknown}
 n - a potion of flight {unknown}
 p - a potion of mutation {unknown}
 q - a potion of brilliance {unknown}
Books
 c - a book of Battle

   Spells                             Type                      Level
   a - Infusion                       Charms                       1
   b - Shroud of Golubria             Charms/Translocation         2
   c - Song of Slaying                Charms                       2
   d - Spectral Weapon                Hexes/Charms                 3
   e - Regeneration                   Charms/Necromancy            3
Comestibles
 d - a bread ration
 o - 2 chunks of flesh


   Skills:
 - Level 2.0 Fighting
 + Level 3.0 Long Blades
 - Level 1.1 Armour
 - Level 2.0 Dodging
 + Level 2.0 Spellcasting
 - Level 3.0 Charms


You had 3 spell levels left.
You knew the following spells:

 Your Spells              Type           Power        Failure   Level  Hunger
a - Infusion              Chrm           ##..         7%          1    #......
b - Shroud of Golubria    Chrm/Tloc      #.........   19%         2    ###....


Dungeon Overview and Level Annotations

Branches:
Dungeon (3/15)

Annotations:
D:3 bmj180's ghost, amateur HOFi


Innate Abilities, Weirdness & Mutations

You have an increased reservoir of magic. (+10% MP)


Message History

Bmj180's ghost hits you.
You hit bmj180's ghost but do no damage.
Bmj180's ghost is heavily damaged.
Bmj180's ghost hits you. Bmj180's ghost closely misses you.
You barely miss bmj180's ghost.
Bmj180's ghost is heavily damaged.
Bmj180's ghost barely misses you.
You hit bmj180's ghost.
Bmj180's ghost is severely damaged.
Bmj180's ghost closely misses you.
You riposte.
You completely miss bmj180's ghost.
Bmj180's ghost is severely damaged.
You hit bmj180's ghost.
Bmj180's ghost is severely damaged.
Your magical infusion is running out.
Bmj180's ghost hits you.
You hit bmj180's ghost but do no damage.
Bmj180's ghost is severely damaged.
Bmj180's ghost hits you!
You die...

#.#############.#.#
#...........# #.#.#
..........#.# #...#
........#.#.# ##..#
#######.#.#.# #..#
#...#.####..#
######.#......>#
#......#########
#.####@# #W# #.#
#.# #.# #.# #.# #.#


You could see bmj180's ghost.

Vanquished Creatures
  A gnoll (D:1)
  An ooze (D:2)
  2 dart slugs (D:1)
  3 leopard geckos
  2 orcs (D:3)
  2 giant cockroaches
  3 goblins
  2 hobgoblins
  2 jackals (D:1)
  A quokka (D:1)
  7 bats
  4 frilled lizards
  5 kobolds
  3 rats
38 creatures vanquished.

Notes
Turn   | Place    | Note
-------+----------+-------------------------------------------
     0 | D:1      | Irenicus the Demigod Skald began the quest for the Orb.
     0 | D:1      | Reached XP level 1. HP: 17/17 MP: 5/5
   349 | D:1      | Reached XP level 2. HP: 22/24 MP: 7/7
   791 | D:1      | Reached skill level 1 in Armour
   928 | D:1      | Reached XP level 3. HP: 27/29 MP: 4/8
   999 | D:2      | Found a sparkling altar of Nemelex Xobeh.
  1204 | D:2      | Found a faded altar of an unknown god.
  1318 | D:2      | Learned a level 2 spell: Shroud of Golubria
  1750 | D:3      | Noticed bmj180's ghost (amateur HOFi)
  1771 | D:3      | Slain by bmj180's ghost

Skill      XL: |  1  2  3 |
---------------+----------+-----
Long Blades    | 2 3 |  3.0
Fighting       | 2 |  2.0
Charms         | 3 |  3.0
Armour         | 1 |  1.1
Dodging        | 2 |  2.0
Spellcasting   | 2 |  2.0

Action                   || total
-------------------------++-------
Melee: Falchion          ||   119
 Cast: Infusion          ||     6
       Shroud of Golubri ||     2
 Stab: Sleeping          ||     1
  Eat: Chunk             ||     3
Armor: Leather armour    ||    41
Dodge: Dodged            ||    85
       Rpst.: Falchion   ||    22
